 Dungeon Crawl Stone Soup version 0.25-a0-1119-g28b6fd0c3b (webtiles) character file.

Game seed: 12057961187337562482, levelgen mode: deterministic

5221 Mrkan the Blocker (level 10, -11/82 HPs)
             Began as a Gnoll Fighter on May 17, 2020.
             Mangled by Erolcha
             ... wielding a +4 giant club
              (13 damage)
             ... on level 9 of the Dungeon.
             The game lasted 00:15:40 (10840 turns).

Mrkan the Blocker (Gnoll Fighter)                  Turns: 10840, Time: 00:15:41

Health: -11/82     AC: 13    Str: 22    XL:     10   Next: 61%
Magic:  18/18      EV:  9    Int: 11    God:
Gold:   452        SH: 16    Dex: 14    Spells: 19/19 levels left

rFire    . . .     SeeInvis .   a - +0 war axe
rCold    . . .     Gourm    .   c - +0 kite shield
rNeg     . . .     Faith    .   m - +0 chain mail
rPois    .         Spirit   .   v - -1 helmet (curse)
rElec    .         Reflect  +   (no cloak)
rCorr    .         Harm     .   k - +1 pair of gloves
MR       .....                  (no boots)
Stlth    ..........             A - amulet of reflection
HPRegen  0.23/turn              (no ring)
MPRegen  0.16/turn              (no ring)

@: mighty
A: distributed training, fangs 1, strong nose
a: no special abilities


You were on level 9 of the Dungeon.
You were not hungry.

You visited 1 branch of the dungeon, and saw 9 of its levels.

You collected 452 gold pieces.

Inventory:

Hand Weapons
 a - a +0 war axe (weapon)
 x - a +2 whip of electrocution
Missiles
 j - 2 curare-tipped darts (quivered)
Armour
 c - a +0 kite shield (worn)
 k - a +1 pair of gloves (worn)
 m - a +0 chain mail (worn)
 v - a cursed -1 helmet (worn)
Jewellery
 i - an uncursed ring of protection from cold {unknown}
 A - an amulet of reflection (around neck)
 F - a +6 ring of dexterity {unknown}
Wands
 b - a wand of iceblast (11)
 w - a wand of acid (9)
 E - a wand of polymorph (7)
Scrolls
 e - 2 scrolls of magic mapping
 g - 2 scrolls of teleportation
 p - 2 scrolls of enchant armour
 q - 2 scrolls of fog
 r - 2 scrolls of identify
 y - a scroll of amnesia
Potions
 h - 3 potions of haste
 l - a potion of invisibility {unknown}
 o - 2 potions of mutation {unknown}
 s - a potion of flight {unknown}
 t - a potion of brilliance
 u - 3 potions of curing {unknown}
Comestibles
 f - 18 rations
 n - 10 chunks of flesh


   Skills:
 + Level 8.5 Fighting
 + Level 5.3 Short Blades
 + Level 5.3 Long Blades
 + Level 7.1 Axes
 + Level 5.3 Maces & Flails
 + Level 5.3 Polearms
 + Level 5.3 Staves
 + Level 5.3 Slings
 + Level 5.3 Bows
 + Level 5.3 Crossbows
 + Level 5.3 Throwing
 + Level 8.5 Armour
 + Level 5.3 Dodging
 + Level 5.3 Stealth
 + Level 8.5 Shields
 + Level 5.3 Unarmed Combat
 + Level 5.3 Spellcasting
 + Level 4.4 Conjurations
 + Level 4.4 Hexes
 + Level 4.4 Charms
 + Level 4.4 Summonings
 + Level 4.4 Necromancy
 + Level 4.4 Translocations
 + Level 4.4 Transmutations
 + Level 4.4 Fire Magic
 + Level 4.4 Ice Magic
 + Level 4.4 Air Magic
 + Level 4.4 Earth Magic
 + Level 4.4 Poison Magic
 + Level 5.9 Invocations
 + Level 5.3 Evocations


You had 19 spell levels left.
You didn't know any spells.
Your spell library was empty.

Dungeon Overview and Level Annotations

Branches:
Dungeon (9/15)             Temple (0/1) D:6            Lair (0/6) D:9
    Orc: D:9-12

Altars:
Gozag
Kikubaaqudgha
Makhleb
Okawaru
Ru
Sif Muna
Uskayaw
Vehumet
Wu Jian

Shops:
D:6 *

Annotations:
D:8 1 runed translucent door
D:9 Erolcha


Innate Abilities, Weirdness & Mutations

Your experience applies equally to all skills.
You have very sharp teeth.
Your uncanny sense of smell can sniff out nearby items.


Message History

You hit the crocodile.
The crocodile is heavily wounded.
The orc priest invokes the aid of Beogh against you.
Beogh smites you! You block the crocodile's attack.
Your shield and chain mail prevent you from hitting the crocodile.
The crocodile is heavily wounded.
Erolcha screams, "Eat!"
You block the crocodile's attack.
You slash the crocodile!
You kill the crocodile!
The orc priest looks braver for a moment.
Erolcha gestures at you while chanting. The crystal spear misses you.
The orc priest calls down the wrath of Beogh upon you.
Beogh smites you!
You feel very mighty all of a sudden. Erolcha hits you with a +4 giant club!!
* * * LOW HITPOINT WARNING * * *
You barely miss Erolcha. Erolcha hits you with a +4 giant club!
You die...

.. #.####....##.#..........
#.##.##.$..........#..........
#........t.o....#####.........
#........O.oc##.#.............
.........###o.....###..###.###
....###..# ####o#.# ##.# ..#
... #..# #o#.# .# .. .∆ #..#
#O#.# .. ...# #@#.# .#. #####
#........##. #######.. #.


You could see Erolcha (fast), an orc priest and an orc.

Vanquished Creatures
  Harold (D:7)
  Pikel (D:6)
  A hornet (D:9)
  A wyvern (D:8)
  Menkaure (D:6)
  2 hungry ghosts (D:8)
  A water moccasin (D:5)
  5 ice beasts
  4 slaves
  2 sky beasts
  An ogre (D:6)
  3 centaurs
  A crocodile (D:9)
  4 bullfrogs (D:6)
  A big kobold (D:8)
  2 scorpions
  8 wights
  2 howler monkeys
  7 crimson imps
  A bullfrog zombie (D:6)
  7 orc priests
  A jelly (D:9)
  6 hounds
  5 orc wizards
  A bullfrog skeleton (D:6)
  A centaur skeleton (D:7)
  2 iguanas
  6 worker ants
  A hound skeleton (D:5)
  13 adders
  3 shadow imps
  2 adder skeletons
  5 worms
  2 dart slugs (D:5)
  10 leopard geckos
  36 orcs
  4 bats
  2 giant cockroaches
  8 goblins
  7 hobgoblins
  12 jackals
  9 kobolds
  3 quokkas
  3 frilled lizards
  A leopard gecko skeleton (D:6)
  A quokka zombie (D:5)
  4 rats (D:3)
204 creatures vanquished.

Notes
Turn   | Place    | Note
-------+----------+-------------------------------------------
     0 | D:1      | Mrkan the Gnoll Fighter began the quest for the Orb.
     0 | D:1      | Reached XP level 1. HP: 23/23 MP: 1/1
    94 | D:1      | Reached XP level 2. HP: 27/29 MP: 2/2
   869 | D:2      | Found an ornate altar of the Wu Jian Council.
   872 | D:2      | Reached XP level 3. HP: 35/35 MP: 3/3
  1001 | D:2      | Reached skill level 1 in Invocations
  1027 | D:2      | Reached skill level 1 in Short Blades
  1027 | D:2      | Reached skill level 1 in Long Blades
  1027 | D:2      | Reached skill level 1 in Maces & Flails
  1027 | D:2      | Reached skill level 1 in Polearms
  1027 | D:2      | Reached skill level 1 in Staves
  1027 | D:2      | Reached skill level 1 in Slings
  1027 | D:2      | Reached skill level 1 in Bows
  1027 | D:2      | Reached skill level 1 in Crossbows
  1027 | D:2      | Reached skill level 1 in Throwing
  1027 | D:2      | Reached skill level 1 in Dodging
  1027 | D:2      | Reached skill level 1 in Stealth
  1027 | D:2      | Reached skill level 1 in Unarmed Combat
  1027 | D:2      | Reached skill level 1 in Spellcasting
  1027 | D:2      | Reached skill level 1 in Evocations
  1079 | D:2      | Reached XP level 4. HP: 22/41 MP: 5/5
  1283 | D:2      | Found an iron altar of Okawaru.
  1723 | D:2      | Reached skill level 1 in Conjurations
  1723 | D:2      | Reached skill level 1 in Hexes
  1723 | D:2      | Reached skill level 1 in Charms
  1723 | D:2      | Reached skill level 1 in Summonings
  1723 | D:2      | Reached skill level 1 in Necromancy
  1723 | D:2      | Reached skill level 1 in Translocations
  1723 | D:2      | Reached skill level 1 in Transmutations
  1723 | D:2      | Reached skill level 1 in Fire Magic
  1723 | D:2      | Reached skill level 1 in Ice Magic
  1723 | D:2      | Reached skill level 1 in Air Magic
  1723 | D:2      | Reached skill level 1 in Earth Magic
  1723 | D:2      | Reached skill level 1 in Poison Magic
  2504 | D:3      | Reached XP level 5. HP: 42/47 MP: 6/6
  2627 | D:3      | Found a hide-covered altar of Uskayaw.
  3276 | D:4      | Reached XP level 6. HP: 50/53 MP: 8/8
  3603 | D:4      | Reached skill level 5 in Axes
  3787 | D:4      | Found a shimmering blue altar of Sif Muna.
  3939 | D:4      | Found a radiant altar of Vehumet.
  3940 | D:4      | Found a burning altar of Makhleb.
  4033 | D:5      | Entered Level 5 of the Dungeon
  4212 | D:5      | Found an opulent altar of Gozag.
  4240 | D:5      | Reached XP level 7. HP: 59/59 MP: 10/10
  4664 | D:5      | Noticed Pikel
  5277 | D:6      | Killed Pikel
  5277 | D:6      | Reached XP level 8. HP: 45/67 MP: 10/12
  6278 | D:6      | Found a staircase to the Ecumenical Temple.
  6307 | D:6      | Reached XP level 9. HP: 72/72 MP: 14/14
  6783 | D:6      | Found an ancient bone altar of Kikubaaqudgha.
  6787 | D:6      | Noticed Menkaure
  6809 | D:6      | Killed Menkaure
  7181 | D:6      | Found Gozag's Platinum Reserve.
  7193 | D:6      | Found an opulent altar of Gozag.
  7863 | D:7      | Noticed Harold
  7916 | D:7      | Killed Harold
  7916 | D:7      | Reached skill level 5 in Invocations
  7916 | D:7      | Reached XP level 10. HP: 21/80 MP: 15/17
  9292 | D:8      | Reached skill level 5 in Short Blades
  9292 | D:8      | Reached skill level 5 in Long Blades
  9292 | D:8      | Reached skill level 5 in Maces & Flails
  9292 | D:8      | Reached skill level 5 in Polearms
  9292 | D:8      | Reached skill level 5 in Staves
  9292 | D:8      | Reached skill level 5 in Slings
  9292 | D:8      | Reached skill level 5 in Bows
  9292 | D:8      | Reached skill level 5 in Crossbows
  9292 | D:8      | Reached skill level 5 in Throwing
  9292 | D:8      | Reached skill level 5 in Dodging
  9292 | D:8      | Reached skill level 5 in Stealth
  9292 | D:8      | Reached skill level 5 in Unarmed Combat
  9292 | D:8      | Reached skill level 5 in Spellcasting
  9292 | D:8      | Reached skill level 5 in Evocations
  9385 | D:8      | Found a sacrificial altar of Ru.
 10431 | D:8      | Found a runed translucent door.
 10431 | D:8      | Noticed a five-headed hydra
 10431 | D:8      | Noticed a centaur warrior
 10432 | D:8      | Identified the +5 trident "Qoczac" {distort, Str+4 Dex+5
                  | Stlth+}
 10433 | D:8      | Noticed a yaktaur captain
 10433 | D:8      | Noticed a manticore
 10433 | D:8      | Noticed a seven-headed hydra
 10531 | D:9      | Found a staircase to the Lair.
 10808 | D:9      | Noticed Erolcha
 10839 | D:9      | HP: 2/82 [Erolcha/+4 giant club (29)]
 10840 | D:9      | Mangled by Erolcha

Illustrated notes

Levels and vault maps discovered:
D:1:      ebering_trefoil_3fold, layout_loops_corners
D:2:      layout_basic, okawaru_metal_pillars_1_2, lemuel_crystal_altar,
          first_ration, minmay_puff
D:3:      layout_basic, nicolae_overflow_hidden_temple
D:4:      layout_cave_pools, grunt_temple_overflow_lords_of_destruction,
          led_sif_book
D:5:      layout_gridville, lemuel_doored_altar, uniq_pikel
D:6:      kennysheep_six_static_rooms, layout_loops_corners,
          kennysheep_mini_moat, minmay_temple_entry_mist,
          nicolae_gozag_zags_fifth_avenue, uniq_menkaure
D:7:      layout_layer_cave, uniq_harold
D:8:      minmay_gate_of_8, layout_loops_corners, lemuel_crystal_altar
D:9:      layout_basic, nicolae_overflow_quartered_altars, lair_entry_dummy,
          minmay_misc_feat_enclosed, grunt_pizzeria, st_stairs_4,
          lemuel_flamethrower_1, uniq_grum, uniq_erolcha

Skill      XL: |  1  2  3  4  5  6  7  8  9 10 |
---------------+-------------------------------+-----
Invocations    | 1 2 3 4 5 |  5.9
Short Blades   | 1 2 3 4 5 |  5.3
Long Blades    | 1 2 3 4 5 |  5.3
Maces & Flails | 1 2 3 4 5 |  5.3
Polearms       | 1 2 3 4 5 |  5.3
Staves         | 1 2 3 4 5 |  5.3
Slings         | 1 2 3 4 5 |  5.3
Bows           | 1 2 3 4 5 |  5.3
Crossbows      | 1 2 3 4 5 |  5.3
Throwing       | 1 2 3 4 5 |  5.3
Dodging        | 1 2 3 4 5 |  5.3
Stealth        | 1 2 3 4 5 |  5.3
Unarmed Combat | 1 2 3 4 5 |  5.3
Spellcasting   | 1 2 3 4 5 |  5.3
Evocations     | 1 2 3 4 5 |  5.3
Conjurations   | 1 2 3 4 |  4.4
Hexes          | 1 2 3 4 |  4.4
Charms         | 1 2 3 4 |  4.4
Summonings     | 1 2 3 4 |  4.4
Necromancy     | 1 2 3 4 |  4.4
Translocations | 1 2 3 4 |  4.4
Transmutations | 1 2 3 4 |  4.4
Fire Magic     | 1 2 3 4 |  4.4
Ice Magic      | 1 2 3 4 |  4.4
Air Magic      | 1 2 3 4 |  4.4
Earth Magic    | 1 2 3 4 |  4.4
Poison Magic   | 1 2 3 4 |  4.4
Axes           | 5 6 7 |  7.1
Fighting       | 7 8 |  8.5
Armour         | 7 8 |  8.5
Shields        | 7 8 |  8.5

Action                   |  1- 3 |  4- 6 |  7- 9 | 10-12 || total
-------------------------+-------+-------+-------+-------++-------
Melee: War axe           |    71 |   195 |   338 |   229 ||   833
       Bite              |     7 |    20 |    59 |    25 ||   111
  Use: Scroll            |       |     6 |     2 |     4 ||    12
       Potion            |       |       |     6 |     1 ||     7
  Eat: Chunk             |     1 |    10 |     8 |    11 ||    30
       Ration            |       |       |     1 |     1 ||     2
Armor: Scale mail        |    16 |    25 |       |       ||    41
       Chain mail        |       |    63 |   159 |    79 ||   301
Dodge: Dodged            |    20 |    45 |   122 |    43 ||   230
Block: Kite shield       |    41 |   126 |   245 |   181 ||   593
       Reflection        |       |       |     2 |     8 ||    10

Table legend:
 A = Non-vault XP
 B = Vault XP
 C = Vault XP percentage of total XP
 D = Non-vault monster count
 E = Vault monster count
 F = Vault count percentage of total count
                 A         B        C        D         E       F
            +---------+---------+-------+---------+---------+-------
      Total |    5143 |    2316 |  31.0 |     185 |      15 |   7.5
            +---------+---------+-------+---------+---------+-------
        D:1 |      33 |       0 |   0.0 |      15 |       0 |   0.0
        D:2 |      89 |      18 |  16.8 |      19 |       4 |  17.4
        D:3 |     113 |       0 |   0.0 |      20 |       0 |   0.0
        D:4 |     196 |      50 |  20.3 |      22 |       1 |   4.3
        D:5 |     959 |       0 |   0.0 |      31 |       0 |   0.0
        D:6 |     933 |    1148 |  55.2 |      23 |       8 |  25.8
        D:7 |     719 |     997 |  58.1 |      16 |       1 |   5.9
        D:8 |    1457 |       0 |   0.0 |      25 |       0 |   0.0
        D:9 |     644 |     103 |  13.8 |      14 |       1 |   6.7
            +---------+---------+-------+---------+---------+-------
